 Dungeon Sprint DCSS version 0.27.1-34-g3ba077fa99 (webtiles) character file.

Game seed: 18360032067697198142

71039 Arum the Impregnable (level 15, -1/156 HPs)
             Began as a Formicid Fighter on Jan 16, 2022.
             Was the Champion of Okawaru.
             Killed from afar by an ironbound frostheart (21 damage)
             ... by creeping frost
             ... in the Dungeon (Sprint IX: "|||||||||||||||||||||||||||||").
             The game lasted 00:15:20 (4852 turns).

Arum the Impregnable (Formicid Fighter)             Turns: 4852, Time: 00:15:20

Health: -1/156     AC: 18    Str: 26    XL:     15   Next: 80%
Magic:  18/21      EV: 12    Int:  9    God:    Okawaru [******]
Gold:   1442       SH: 25    Dex: 16    Spells: 14/14 levels left

rFire    + + .     SeeInvis +   f - +11 quarterstaff "Iwnasufo" {distort, rC+ Dex+3}
rCold    + . .     Faith    .   F - +1 tower shield
rNeg     . . .     Spirit   .   m - +2 plate armour {rF+}
rPois    +         Reflect  .   (helmet unavailable)
rElec    .         Harm     .   v - +0 cloak
rCorr    .         Rampage  .   u - +0 pair of gloves {Dex+3}
Will     +....                  c - +0 pair of boots
Stlth    ..........             (no amulet)
HPRegen  0.36/turn              E - ring of protection from fire
MPRegen  0.17/turn              C - ring of poison resistance

@: heroic, marked, corroded
A: permanent stasis, dig shafts and tunnels, antennae 3, four strong arms
a: Dig, Renounce Religion, Heroism, Finesse


You were in the Dungeon.
You worshipped Okawaru.
Okawaru was exalted by your worship.
You visited 1 branch You collected 1918 gold pieces.
You spent 476 gold pieces at shops.

Inventory:

Hand Weapons
 f - the +11 quarterstaff "Iwnasufo" (weapon) {distort, rC+ Dex+3}
   (Okawaru gifted it to you in the Dungeon)

   It warps and distorts space around it, and may blink, banish, or inflict
   extra damage upon those it strikes.
   Unwielding it can cause banishment or high damage.
   Dex:       It affects your dexterity (+3).
   rC:        It protects you from cold.
 j - a +0 lajatang
 k - a +6 quarterstaff of speed
 A - the +10 flail of Fov Caikan {venom, Str+3}
   (You bought it in a shop in the Dungeon)

   It poisons the flesh of those it strikes.
   Str:       It affects your strength (+3).
Missiles
 a - 2 throwing nets
 n - 4 javelins
Armour
 c - a +0 pair of boots (worn)
 m - a +2 plate armour of fire resistance (worn)
 u - a +0 pair of gloves of dexterity (worn)
 v - a +0 cloak (worn)
 F - a +1 tower shield (worn)
Jewellery
 C - a ring of poison resistance (right hand)
 D - a ring of protection from fire
 E - a ring of protection from fire (left hand)
Wands
 i - a wand of acid (3)
 w - a wand of paralysis (12)
Scrolls
 h - 2 scrolls of amnesia
 r - 3 scrolls of fear
 s - 3 scrolls of identify
 t - 2 scrolls of fog
 y - 3 scrolls of enchant weapon
 z - 4 scrolls of enchant armour
Potions
 d - a potion of invisibility
 e - 4 potions of curing
 g - 4 potions of magic
 l - a potion of flight {unknown}
 o - 3 potions of brilliance
 p - 3 potions of might
 x - a potion of ambrosia {unknown}
 J - a potion of mutation
Miscellaneous
 q - a tin of tremorstones (2/2)


   Skills:
 + Level 25.7(27) Fighting
 - Level 17.0(22.0) Staves
 + Level 25.9(27) Armour
 - Level 1.7(6.7) Dodging
 - Level 3.4(8.4) Stealth
 - Level 15.0(20.0) Shields
 - Level 8.0 Invocations
 - Level 2.2 Evocations


You had 14 spell levels left.
You didn't know any spells.
Your spell library was empty.

Dungeon Overview and Level Annotations

Branches:
Dungeon (1/1)

Altars:
Cheibriados
Dithmenos
Elyvilon
Fedhas
Gozag
Hepliaklqana
Kikubaaqudgha
Makhleb
Nemelex Xobeh
Okawaru
Qazlal
Ru
Sif Muna
Trog
Uskayaw
Vehumet
Wu Jian
Xom
Yredelemnul
Zin
The Shining One
Beogh
Jiyva
Lugonu

Shops:
D ??(*


Innate Abilities, Weirdness & Mutations

You cannot be hasted, slowed, berserked, paralysed or teleported.
You can dig through walls and to a lower floor.
You have a pair of large antennae on your head. (SInv)
Your four strong arms can wield two-handed weapons with a shield.


Message History

Space warps horribly around the entropy weaver!!
The entropy weaver is heavily wounded.
The ice encasing you melts away.
Unknown command.
You thump the entropy weaver!
Space bends around the entropy weaver.
The entropy weaver is severely wounded.
You sock the entropy weaver!
The entropy weaver is severely wounded.
The entropy weaver blinks!
Electricity crackles from the ironbound thunderhulk's apparatus.
The bolt of lightning hits you!
The ironbound convoker gestures at the harpy while chanting.
The harpy seems to grow stronger.
The ironbound frostheart calls freezing cold from the walls.
The frost grips you! You partially resist.
You are encased in ice.
The entropy weaver gestures at you while chanting.
The entropic weave corrodes you!
You sock the ironbound frostheart!
The ironbound frostheart is almost dead.
The ironbound frostheart blinks!
Your hands slow down.
The ironbound frostheart calls freezing cold from the walls.
The frost grips you! You partially resist.
* * * LOW HITPOINT WARNING * * *
You block the entropy weaver's attack. x2; The entropy weaver hits you!
* * * LOW HITPOINT WARNING * * *
The entropy weaver hits you but does no damage.
You hit the entropy weaver.
Space warps horribly around the entropy weaver!
The entropy weaver is almost dead.
You block the entropy weaver's attack.
The entropy weaver hits you but does no damage.
You block the entropy weaver's attack. x2
You miss the entropy weaver.
The entropy weaver is almost dead.
The ice encasing you melts away.
The ironbound frostheart calls freezing cold from the walls.
The frost grips you!! You partially resist.
You die...

,,,,,,,,+,,,,,,,,,,,,,+,,,,,,,,,,
*********************************
,,,,,,,,,,,,,,,,,,,,,,,,,,,,,,,,,
*********************************
,,,,,,,,,,,,,,,,,,,,,,,,,,,,,,+,,
*********************************
,,,,,{,,,,,,,,,,,,,,,,,,,,,,,,,,,
▓▓▓▓▓▓▓▓▓▓▓▓▓▓▓▓▓▓▓▓▓▓▓▓▓▓*******
÷).......').).)B@p)pH.ppOp{{{,{+,
▓▓▓▓▓▓▓▓▓▓▓▓▓▓▓▓▓▓▓▓▓▓▓▓▓▓▓▓▓▓▓▓▓
...................[)))))))......
▓▓▓▓▓▓▓▓▓▓▓▓▓▓▓▓▓▓▓▓▓▓▓▓▓▓▓▓▓▓▓▓▓
.†))...)'††..)))..')).).†[).'....
▓▓▓▓▓▓▓▓▓▓▓▓▓▓▓▓▓▓▓▓▓▓▓▓▓▓▓▓▓▓▓▓▓
.............[................§..
▓▓▓▓▓▓▓▓▓▓▓▓▓▓▓▓▓▓▓▓▓▓▓▓▓▓▓▓▓▓▓▓▓
.[.[...........'..†.).))(......'.


You could see a vault warden, an entropy weaver (strong), 2 ironbound
frosthearts, an ironbound convoker and a harpy (strong).

Vanquished Creatures
  Saint Roka (D)
  Gastronok (D)
  A thorn hunter (D)
  An emperor scorpion (D)
  An iron dragon (D)
  5 stone giants (D)
  4 very ugly things (D)
  2 vampire knights (D)
  2 bunyips (D)
  An entropy weaver (D)
  3 ettins (D)
  2 fire dragons (D)
  Josephine (D)
  2 great orbs of eyes (D)
  2 hydras (D)
  2 rakshasas (D)
  2 boulder beetles (D)
  A merfolk avatar (D)
  An anaconda (D)
  A death knight (D)
  A spriggan air mage (D)
  2 deep troll shamans (D)
  2 two-headed ogres (D)
  An alligator snapping turtle (D)
  A satyr (D)
  An alligator (D)
  8 orc high priests (D)
  A naga sharpshooter (D)
  Urug (D)
  2 sea snakes (D)
  A salamander mystic (D)
  A swamp dragon (D)
  3 ironbound convokers (D)
  2 orb spiders (D)
  2 salamanders (D)
  A cyclops (D)
  A manticore (D)
  An orc sorcerer (D)
  A slime creature (D)
  A merfolk siren (D)
  An elephant (shapeshifter) (D)
  Maurice (D)
  A torpor snail (D)
  A black mamba (D)
  A vault sentinel (D)
  A cane toad (shapeshifter) (D)
  Psyche (D)
  6 cane toads (D)
  A komodo dragon (D)
  2 kobold demonologists (D)
  A freezing wraith (D)
  A yaktaur (D)
  An efreet (D)
  A demonic crawler (D)
  A jumping spider (D)
  A hornet (shapeshifter) (D)
  2 tyrant leeches (D)
  2 merfolk (D)
  2 trolls (D)
  2 blink frogs (D)
  A hornet (D)
  2 tarantellas (D)
  4 yaks (D)
  A shadow (D)
  A spriggan (D)
  3 wraiths (D)
  2 basilisks (D)
  A wyvern (D)
  3 nagas (D)
  4 water moccasins (D)
  15 orc warriors (D)
  A boggart (D)
  An ogre (D)
  7 bullfrogs (D)
  A jelly (D)
  8 orc priests (D)
  A hound (D)
  4 orc wizards (D)
  8 orcs (D)
  2 ball pythons (D)
  An endoplasm (D)
  A quokka (D)
  A bat (D)
  A kobold (D)
174 creatures vanquished.

Notes
Turn   | Place    | Note
-------+----------+-------------------------------------------
     0 | D        | Arum the Formicid Fighter began the quest for the Orb.
     0 | D        | Reached XP level 1. HP: 18/18 MP: 1/1
    69 | D        | Noticed a jelly
    69 | D        | Noticed an ogre
    69 | D        | Noticed a hound
    71 | D        | Reached XP level 2. HP: 25/25 MP: 2/2
    74 | D        | Reached skill level 5 in Armour
    74 | D        | Reached skill level 5 in Shields
    74 | D        | Reached XP level 3. HP: 28/32 MP: 3/3
    77 | D        | Killed an ogre
    78 | D        | Reached XP level 4. HP: 21/40 MP: 4/4
    78 | D        | Reached XP level 5. HP: 25/46 MP: 5/5
   236 | D        | Found a snail-covered altar of Cheibriados.
   236 | D        | Found a shadowy altar of Dithmenos.
   236 | D        | Found a white marble altar of Elyvilon.
   236 | D        | Found a blossoming altar of Fedhas.
   236 | D        | Found an opulent altar of Gozag.
   237 | D        | Found a hazy altar of Hepliaklqana.
   238 | D        | Found a viscous altar of Jiyva.
   239 | D        | Found an ancient bone altar of Kikubaaqudgha.
   240 | D        | Found a corrupted altar of Lugonu.
   241 | D        | Found a burning altar of Makhleb.
   242 | D        | Found a sparkling altar of Nemelex Xobeh.
   243 | D        | Found an iron altar of Okawaru.
   244 | D        | Found a stormy altar of Qazlal.
   245 | D        | Found a sacrificial altar of Ru.
   246 | D        | Found a shimmering blue altar of Sif Muna.
   247 | D        | Found a bloodstained altar of Trog.
   248 | D        | Found a hide-covered altar of Uskayaw.
   249 | D        | Found a radiant altar of Vehumet.
   250 | D        | Found an ornate altar of the Wu Jian Council.
   251 | D        | Became a worshipper of Warmaster Okawaru
   252 | D        | Found a shimmering altar of Xom.
   253 | D        | Found a basalt altar of Yredelemnul.
   254 | D        | Found a glowing silver altar of Zin.
   255 | D        | Found a glowing golden altar of the Shining One.
   303 | D        | Noticed a yak
   303 | D        | Noticed a troll
   303 | D        | Noticed a troll
   303 | D        | Noticed a shadow
   303 | D        | Noticed a two-headed ogre
   303 | D        | Noticed a yak
   305 | D        | Killed a troll
   306 | D        | Reached skill level 1 in Stealth
   306 | D        | Reached XP level 6. HP: 56/56 MP: 6/6
   307 | D        | Killed a yak
   307 | D        | Reached * piety under Okawaru
   308 | D        | Reached skill level 1 in Evocations
   308 | D        | Reached XP level 7. HP: 63/63 MP: 7/7
   309 | D        | Killed a troll
   310 | D        | Reached skill level 10 in Armour
   310 | D        | Reached skill level 1 in Dodging
   313 | D        | Killed a shadow
   313 | D        | Reached ** piety under Okawaru
   314 | D        | Reached skill level 1 in Invocations
   314 | D        | Reached XP level 8. HP: 64/72 MP: 5/8
   316 | D        | Killed a two-headed ogre
   317 | D        | Reached skill level 10 in Fighting
   317 | D        | Reached skill level 10 in Staves
   317 | D        | Reached XP level 9. HP: 62/79 MP: 5/10
   394 | D        | Noticed a cyclops
   394 | D        | Noticed a two-headed ogre
   394 | D        | Noticed a kobold demonologist
   394 | D        | Noticed a death knight
   394 | D        | Noticed a kobold demonologist
   394 | D        | Noticed an efreet
   397 | D        | Noticed a sun demon
   404 | D        | Killed a cyclops
   405 | D        | Killed a two-headed ogre
   405 | D        | Reached *** piety under Okawaru
   410 | D        | Killed a kobold demonologist
   411 | D        | Reached XP level 10. HP: 70/91 MP: 9/11
   412 | D        | Noticed a sixfirhy
   424 | D        | Killed a death knight
   424 | D        | Reached **** piety under Okawaru
   424 | D        | Killed an efreet
   424 | D        | HP: 3/91 [sixfirhy[a kobold demonologist] (12)]
   434 | D        | Killed a kobold demonologist
   703 | D        | Noticed Urug
   716 | D        | Killed Urug
   870 | D        | Noticed a cane toad
   870 | D        | Noticed a komodo dragon
   874 | D        | Killed a cane toad
   876 | D        | Killed a komodo dragon
   876 | D        | Reached ***** piety under Okawaru
   903 | D        | Reached XP level 11. HP: 42/100 MP: 10/14
  1133 | D        | Noticed a seven-headed hydra
  1137 | D        | Reached skill level 5 in Invocations
  1138 | D        | Reached skill level 15 in Armour
  1140 | D        | Killed a seven-headed hydra
  1151 | D        | Reached skill level 15 in Fighting
  1292 | D        | Received a gift from Okawaru
  1495 | D        | Noticed Josephine
  1498 | D        | Noticed Maurice
  1506 | D        | Killed Josephine
  1507 | D        | Reached skill level 15 in Staves
  1525 | D        | Killed Maurice
  1663 | D        | Noticed an ettin
  1675 | D        | Killed an ettin
  1676 | D        | Reached XP level 12. HP: 33/111 MP: 11/18
  2016 | D        | Noticed an orc high priest
  2023 | D        | Noticed a soul eater
  2031 | D        | Killed an orc high priest
  2264 | D        | Found Buisyrph's Magic Scroll Emporium.
  2264 | D        | Noticed an orc high priest
  2264 | D        | Noticed an orc high priest
  2264 | D        | Noticed an orc high priest
  2271 | D        | Killed an orc high priest
  2272 | D        | Found Peifeim's Magic Scroll Shoppe.
  2280 | D        | Killed an orc high priest
  2284 | D        | Found Ecec's Antique Weapon Emporium.
  2286 | D        | Killed an orc high priest
  2287 | D        | Noticed an orc high priest
  2289 | D        | Found Baetomot's General Store.
  2290 | D        | Noticed an orc high priest
  2292 | D        | Noticed an orc high priest
  2296 | D        | Noticed an orc high priest
  2309 | D        | Killed an orc high priest
  2319 | D        | Killed an orc high priest
  2319 | D        | Received a gift from Okawaru
  2324 | D        | Killed an orc high priest
  2326 | D        | HP: 3/116 [orc priest/divine providence (11)]
  2334 | D        | Killed an orc high priest
  2625 | D        | Bought a scroll of enchant weapon for 90 gold pieces
  2627 | D        | Bought a scroll of enchant armour for 105 gold pieces
  2627 | D        | Bought a scroll of magic mapping for 49 gold pieces
  2627 | D        | Bought a scroll of enchant armour for 105 gold pieces
  2630 | D        | Bought an ancient flail for 127 gold pieces
  2630 | D        | Identified the +10 flail of Fov Caikan {venom, Str+3} (You
                  | bought it in a shop in the Dungeon)
  2668 | D        | Noticed Psyche
  2673 | D        | Killed Psyche
  2853 | D        | Noticed an eight-headed hydra
  2853 | D        | Noticed a boulder beetle
  2854 | D        | Noticed a boulder beetle
  2862 | D        | Reached XP level 13. HP: 105/122 MP: 12/19
  2863 | D        | Noticed a great orb of eyes
  2872 | D        | Killed an eight-headed hydra
  2873 | D        | Reached skill level 10 in Shields
  2873 | D        | Noticed a vampire knight
  2879 | D        | Noticed a stone giant
  2880 | D        | Killed a boulder beetle
  2884 | D        | Noticed a great orb of eyes
  2884 | D        | Noticed a vampire knight
  2886 | D        | Noticed a stone giant
  2902 | D        | Killed a boulder beetle
  2903 | D        | Killed a great orb of eyes
  2903 | D        | Received a gift from Okawaru
  2904 | D        | Noticed a green very ugly thing
  2919 | D        | Killed a vampire knight
  2928 | D        | Killed a stone giant
  2933 | D        | Killed a great orb of eyes
  2938 | D        | Killed a vampire knight
  2947 | D        | Killed a stone giant
  2958 | D        | Killed a green very ugly thing
  2958 | D        | Reached ****** piety under Okawaru
  2958 | D        | Identified the +11 quarterstaff "Iwnasufo" {distort, rC+
                  | Dex+3} (Okawaru gifted it to you in the Dungeon)
  2958 | D        | Received a gift from Okawaru
  3450 | D        | Noticed Frances
  3468 | D        | Banished Frances
  3480 | D        | Noticed Gastronok
  3499 | D        | Killed Gastronok
  3557 | D        | Noticed a thorn hunter
  3557 | D        | Noticed a bunyip
  3557 | D        | Noticed a bunyip
  3573 | D        | Killed a bunyip
  3578 | D        | Reached XP level 14. HP: 83/135 MP: 14/20
  3583 | D        | Killed a bunyip
  3590 | D        | Killed a thorn hunter
  3590 | D        | Received a gift from Okawaru
  3591 | D        | Reached skill level 15 in Shields
  3810 | D        | Noticed an entropy weaver
  3810 | D        | Noticed an emperor scorpion
  3828 | D        | Killed an entropy weaver
  3852 | D        | Killed an emperor scorpion
  4059 | D        | Received a gift from Okawaru
  4145 | D        | Noticed Saint Roka
  4171 | D        | Killed Saint Roka
  4172 | D        | Reached XP level 15. HP: 108/150 MP: 15/21
  4350 | D        | Noticed a stone giant
  4350 | D        | Noticed a stone giant
  4354 | D        | Killed a stone giant
  4357 | D        | Noticed an iron dragon
  4383 | D        | Noticed a tentacled monstrosity
  4389 | D        | Killed an iron dragon
  4392 | D        | Killed a stone giant
  4395 | D        | Banished a tentacled monstrosity
  4403 | D        | Noticed a green very ugly thing
  4407 | D        | Noticed a stone giant
  4408 | D        | Noticed a brown very ugly thing
  4416 | D        | Noticed a white very ugly thing
  4447 | D        | Killed a cyan very ugly thing
  4447 | D        | Received a gift from Okawaru
  4462 | D        | Killed a brown very ugly thing
  4463 | D        | Killed a stone giant
  4467 | D        | Killed a brown very ugly thing
  4833 | D        | Noticed a vault warden
  4842 | D        | Noticed an ironbound preserver
  4852 | D        | Killed from afar by an ironbound frostheart

Illustrated notes

Levels and vault maps discovered:
D:        linesprint [early_d, line_temple, items_1, d_10, items_2, lair_1,
          lair_end, items_3, orc_1, orc_end, items_4, d_15, swamp_1, shoals_1,
          snake_1, spider_1, d_20, vaults_1, items_5, swamp_end, shoals_end,
          snake_end, spider_end, vaults_end, d_27, items_6, zot_1, zot_end,
          crypt_end, forest_end, elf_end, slime_end, tomb_end, abyss_end,
          pan_hell_end]

Skill      XL: |  1  2  3  4  5  6  7  8  9 10 11 12 13 14 15 |
---------------+----------------------------------------------+-----
Shields        | 4 5 7 9 14 15 | 15.0
Fighting       | 4 6 7 8 9 10 12 14 16 18 20 23 25 | 25.7
Armour         | 4 5 6 8 9 10 11 13 14 16 18 20 23 25 | 25.9
Staves         | 3 4 6 7 8 10 12 13 15 17 | 17.0
Stealth        | 1 2 3 |  3.4
Evocations     | 1 2 |  2.2
Dodging        | 1 |  1.7
Invocations    | 1 4 8 |  8.0

Action                   |  1- 3 |  4- 6 |  7- 9 | 10-12 | 13-15 || total
-------------------------+-------+-------+-------+-------+-------++-------
Melee: Quarterstaff      |    19 |     4 |       |     3 |   332 ||   358
       Lajatang          |       |     2 |    22 |   282 |       ||   306
       Flail             |       |       |       |     8 |    80 ||    88
Invok: Heroism           |       |       |     2 |    13 |    10 ||    25
       Finesse           |       |       |       |     7 |     9 ||    16
Evoke: Wand              |       |     2 |     2 |     2 |     1 ||     7
       Tin of tremorston |       |       |       |     2 |       ||     2
  Use: Potion            |     1 |       |       |     6 |     3 ||    10
       Scroll            |       |       |       |     1 |       ||     1
 Stab: Sleeping          |       |       |       |     1 |       ||     1
Armor: Scale mail        |     8 |     1 |       |       |       ||     9
       Ring mail         |       |       |     2 |    33 |       ||    35
       Chain mail        |       |       |       |     1 |    37 ||    38
       Plate armour      |       |       |       |       |    13 ||    13
Dodge: Dodged            |     8 |     4 |     5 |    34 |    41 ||    92
Block: Kite shield       |    15 |     2 |     6 |    99 |    29 ||   151
       Tower shield      |       |       |       |       |   164 ||   164
